 Dungeon Crawl Stone Soup version 0.23.2-33-g5129a83184 (webtiles) character file.

Game seed: 12943015895034700298

5086 funkygono the Thaumaturge (level 10, 0/73 HPs)
             Began as a Demigod Conjurer on June 28, 2019.
             Slain by a two-headed ogre
             ... wielding a cursed -1 giant club
              (15 damage)
             ... on level 9 of the Dungeon.
             The game lasted 00:31:40 (12554 turns).

funkygono the Thaumaturge (Demigod Conjurer)       Turns: 12554, Time: 00:31:40

Health: 0/73       AC:  7    Str: 11    XL:     10   Next: 10%
Magic:  10/27      EV: 14    Int: 25    God:
Gold:   589        SH:  0    Dex: 22    Spells: 12/28 levels left

rFire    + . .     SeeInvis .   M - +2 demon whip (elec)
rCold    . . .     Gourm    .   (no shield)
rNeg     + . .     Faith    .   B - +3 leather armour of Yteps {rF+ Dex+6}
rPois    .         Spirit   .   (no helmet)
rElec    .         Reflect  .   (no cloak)
rCorr    .         Harm     .   (no gloves)
MR       +....                  q - +0 pair of boots
Stlth    +++.......             D - amulet of rage
HPRegen  0.22/turn              d - ring of positive energy
MPRegen  0.20/turn              s - ring of wizardry

@: berserk cooldown, slowed, very slow
A: high mp 1
a: Evoke Berserk Rage


You were on level 9 of the Dungeon.
You were very hungry.

You visited 2 branches of the dungeon, and saw 10 of its levels.

You collected 589 gold pieces.

Inventory:

Hand Weapons
 e - a +0 dagger
 m - a +1 flail
 u - a +2 whip of electrocution
 w - a +2 quarterstaff
 M - a +2 demon whip of electrocution (weapon)
Missiles
 g - 318 stones (quivered)
 z - 137 arrows
Armour
 a - a +1 robe
 q - a +0 pair of boots (worn)
 x - a +0 leather armour
 B - the +3 leather armour of Yteps (worn) {rF+ Dex+6}
   (You found it on level 6 of the Dungeon)

   It affects your dexterity (+6).
   It protects you from fire.
 E - the +1 buckler "Qeuw" {rN+ Dex+2, unknown}
   (You found it on level 8 of the Dungeon)

   It affects your dexterity (+2).
   It protects you from negative energy.
 H - a cursed +0 robe
 J - a cursed +0 ring mail
Jewellery
 b - an uncursed ring of positive energy
 d - a ring of positive energy (left hand)
 h - an uncursed ring of protection from magic
 r - an uncursed ring of resist corrosion
 s - a ring of wizardry (right hand)
 v - an uncursed ring of flight
 y - an uncursed ring of protection from magic
 D - an amulet of rage (around neck)
Wands
 n - a wand of flame (30)
 A - a wand of paralysis (12)
 G - a wand of enslavement (7)
Scrolls
 f - 9 scrolls of identify
 o - 3 scrolls of remove curse
 t - 2 scrolls of teleportation
 I - a scroll of blinking
 L - a scroll of enchant weapon
Potions
 i - a potion of lignification
 j - a potion of haste
 k - 2 potions of curing
 l - a potion of flight
 p - a potion of heal wounds
 C - a potion of might
 F - a potion of magic
Comestibles
 c - 13 rations


   Skills:
 + Level 2.1 Fighting
 + Level 0.5 Staves
 + Level 2.4 Armour
 + Level 3.9 Dodging
 + Level 3.4 Stealth
 + Level 9.5 Spellcasting
 + Level 8.3 Conjurations
 + Level 1.0 Hexes
 * Level 1.3 Fire Magic


You had 12 spell levels left.
You knew the following spells:

 Your Spells              Type           Power        Failure   Level  Hunger
a - Magic Dart            Conj           ####         1%          1    None
b - Searing Ray           Conj           ######       1%          2    None
c - Dazzling Spray        Conj/Hex       #####.       1%          3    None
d - Iskenderun's Mystic   Conj           ######..     1%          4    #......
e - Bolt of Fire          Conj/Fire      #####.....   47%         6    ######.

Your spell library contained the following spells:

 Spells                   Type           Power        Failure   Level  Hunger
 Confusing Touch          Hex            ###...       1%          1    None
 Conjure Flame            Conj/Fire      #####...     1%          3    None
 Static Discharge         Conj/Air       ####....     1%          3    None
 Beastly Appendage        Tmut           ##....       2%          1    None
 Sticks to Snakes         Tmut           ##......     4%          2    None
 Force Lance              Conj/Tloc      ####....     4%          4    #......
 Fulminant Prism          Conj/Hex       #####.....   4%          4    #......
 Spider Form              Tmut/Pois      ##........   9%          3    None
 Ice Form                 Ice/Tmut       ##......     26%         4    #......
 Blade Hands              Tmut           ##........   56%         5    ####...


Dungeon Overview and Level Annotations

Branches:
Dungeon (9/15)             Temple (1/1) D:5
   Lair: D:8-11         Orc: D:9-12

Shops:
D:8 ?


Innate Abilities, Weirdness & Mutations

You have an increased reservoir of magic. (+10% MP)


Message History

The two-headed ogre closely misses you.
Casting: Searing Ray (safe; 1% risk of failure)
Confirm with . or Enter, or press ? or * to list all spells.
Aiming: Searing Ray (safe; 1% risk of failure)
Press: ? - help, Shift-Dir - straight line, f - two-headed ogre
Aim: a two-headed ogre, wielding a -1 giant club and a +0 giant club (severely wounded)
The searing ray hits the two-headed ogre!
The two-headed ogre is almost dead. (Press . to maintain the ray.)
The two-headed ogre closely misses you.
The two-headed ogre hits you with a +0 giant club.
* * * LOW HITPOINT WARNING * * *
The searing ray hits the two-headed ogre.
The two-headed ogre is almost dead.
The two-headed ogre hits you with a cursed -1 giant club!!
* * * LOW HITPOINT WARNING * * *
The two-headed ogre barely misses you.
You feel much better.
The two-headed ogre hits you with a cursed -1 giant club!
You die...

........### #...........#
........... #...........#
...)....... #..........##
........... ###.......##
...........###...#.#.##
#............####...###
.............#≈≈≈≈≈≈#.#
.............####OY.#.###########
#...........)...@####.##.........
.............#..#####.##....#####
_)#.......).................#
....####......#######.......#
#....##....#..#########.....##
.............≈≈≈≈............##
.......#.....≈....###.........#
............<≈≈≈≈..#..##....#≈# #
..#####..........#....##....#≈# #


You could see a two-headed ogre and a yak.

Vanquished Creatures
  A troll (D:9)
  2 wyverns
  Sigmund (D:6)
  4 yaks (D:9)
  3 ice beasts
  3 orc warriors
  3 sky beasts
  A black bear (D:7)
  A phantom (D:6)
  5 ogres
  4 centaurs
  2 big kobolds
  4 bullfrogs
  Blork the orc (D:5)
  6 killer bees (D:7)
  2 centaur zombies
  4 crimson imps
  A gnoll shaman (D:5)
  3 jellies
  4 hounds
  A bullfrog skeleton (D:6)
  6 orc priests
  An iguana (D:4)
  4 worker ants
  9 orc wizards
  A killer bee zombie (D:5)
  A howler monkey skeleton (D:8)
  8 gnolls
  9 adders
  3 shadow imps
  An adder skeleton (D:6)
  A dart slug (D:4)
  7 worms
  9 leopard geckos
  41 orcs
  10 giant cockroaches
  9 goblins
  9 hobgoblins
  2 jackals (D:6)
  10 kobolds
  A quokka (D:2)
  5 ball pythons
  7 bats
  6 frilled lizards
  A jackal skeleton (D:5)
  2 leopard gecko skeletons
  A quokka skeleton (D:6)
  10 rats
230 creatures vanquished.

Notes
Turn   | Place    | Note
-------+----------+-------------------------------------------
     0 | D:1      | funkygono the Demigod Conjurer began the quest for the Orb.
     0 | D:1      | Reached XP level 1. HP: 14/14 MP: 5/5
   280 | D:1      | Reached skill level 2 in Spellcasting
   280 | D:1      | Reached XP level 2. HP: 20/20 MP: 5/7
  1064 | D:2      | Learned a level 2 spell: Searing Ray
  1578 | D:2      | Reached XP level 3. HP: 26/26 MP: 2/9
  1825 | D:2      | Found a blossoming altar of Fedhas.
  2589 | D:2      | Reached XP level 4. HP: 15/33 MP: 0/10
  3175 | D:2      | Learned a level 3 spell: Dazzling Spray
  4157 | D:4      | Reached skill level 3 in Spellcasting
  4267 | D:4      | Reached XP level 5. HP: 28/39 MP: 2/12
  5208 | D:5      | Entered Level 5 of the Dungeon
  5560 | D:5      | Noticed an ogre
  5566 | D:5      | Killed an ogre
  5566 | D:5      | Reached skill level 4 in Spellcasting
  5566 | D:5      | Reached XP level 6. HP: 20/46 MP: 7/15
  5568 | D:5      | Reached skill level 5 in Conjurations
  5750 | D:5      | Noticed Blork the orc
  5771 | D:5      | Killed Blork the orc
  6040 | D:5      | Reached XP level 7. HP: 41/51 MP: 11/17
  6050 | D:5      | Reached skill level 5 in Spellcasting
  6159 | D:5      | Found a glowing golden altar of the Shining One.
  6315 | D:5      | Found a staircase to the Ecumenical Temple.
  6339 | Temple   | Entered the Ecumenical Temple
  6814 | D:6      | Reached skill level 1 in Armour
  7053 | D:6      | Got a bronze leather armour
  7064 | D:6      | Identified the +3 leather armour of Yteps {rF+ Dex+6} (You
                  | found it on level 6 of the Dungeon)
  7254 | D:6      | Reached skill level 6 in Spellcasting
  7288 | D:6      | Found a shattered altar of Ashenzari.
  7376 | D:6      | Found a basalt altar of Yredelemnul.
  7390 | D:6      | Reached XP level 8. HP: 44/58 MP: 3/21
  7947 | D:6      | Noticed Sigmund
  7952 | D:6      | Killed Sigmund
  7952 | D:6      | Reached skill level 1 in Fighting
  8433 | D:6      | Reached skill level 7 in Spellcasting
  9184 | D:7      | Reached XP level 9. HP: 14/64 MP: 4/24
  9779 | D:7      | Reached skill level 8 in Spellcasting
  9850 | D:7      | Identified the Incunabulum of Enthralling Battle Magic
  9881 | D:7      | Learned a level 4 spell: Iskenderun's Mystic Blast
  9888 | D:7      | Learned a level 6 spell: Bolt of Fire
 10328 | D:8      | Found Ethaz's Magic Scroll Shoppe.
 11058 | D:8      | Got a smoking buckler
 11396 | D:8      | Found a hide-covered altar of Uskayaw.
 11601 | D:8      | Reached skill level 9 in Spellcasting
 11601 | D:8      | Reached skill level 1 in Hexes
 12023 | D:9      | Reached skill level 1 in Fire Magic
 12128 | D:9      | Found a radiant altar of Vehumet.
 12148 | D:9      | Got a pair of spiked gloves
 12154 | D:9      | Identified the cursed -2 pair of gloves "Efoenusme" {Dex+2}
                  | (You found it on level 9 of the Dungeon)
 12532 | D:9      | Noticed a two-headed ogre
 12534 | D:9      | Reached XP level 10. HP: 64/73 MP: 11/27
 12553 | D:9      | HP: 1/73 [two-headed ogre/cursed -1 giant club (19)]
 12554 | D:9      | Slain by a two-headed ogre

Skill      XL: |  1  2  3  4  5  6  7  8  9 10 |
---------------+-------------------------------+-----
Spellcasting   | 2 3 4 6 7 9 |  9.5
Conjurations   | 4 5 6 7 8 |  8.3
Dodging        | 2 3 |  3.9
Stealth        | 2 3 |  3.4
Armour         | 1 2 |  2.4
Fighting       | 1 2 |  2.1
Hexes          | 1 |  1.0
Fire Magic     | 1 |  1.3
Staves         | |  0.5

Action                   |  1- 3 |  4- 6 |  7- 9 | 10-12 || total
-------------------------+-------+-------+-------+-------++-------
Melee: Dagger            |    18 |       |       |       ||    18
       Quarterstaff      |       |     4 |    19 |       ||    23
       Demon whip        |       |       |       |    14 ||    14
 Cast: Magic Dart        |    84 |   129 |   276 |       ||   489
       Searing Ray       |     7 |    10 |    46 |     1 ||    64
       Dazzling Spray    |       |     1 |    26 |       ||    27
 Abil: Evoke Berserk Rag |       |       |       |     1 ||     1
  Use: Scroll            |     3 |    13 |     4 |       ||    20
       Potion            |       |       |     1 |     1 ||     2
  Eat: Chunk             |     6 |     7 |    20 |       ||    33
       Ration            |       |     1 |       |       ||     1
Armor: Robe              |     5 |     4 |       |       ||     9
       Leather armour    |       |       |    52 |     1 ||    53
Dodge: Dodged            |    39 |    33 |   130 |     5 ||   207
